Map: Ever Dream LE

Players

AntBurglar

  • Race: Protoss Protoss
  • Spawn Location: 7:00

VonHugenrod - Winner!

  • Race: Terran Terran
  • League: Diamond
  • Spawn Location: 1:00

VOD

Have the link to the VOD?

Description

e

Time

  • Played on: June 14, 2020, 6:37 p.m.
  • Length: 9:05
Show
View Real Time Build Order
Export as new Build Order

AntBurglar Protoss 

Build Orders: 1 Gate Expand, Colossus Rush 

Get SALT Encoding   

  12  0:00  Probe  
  13  0:12  Probe  
  14  0:17  Pylon  
  14  0:25  Probe  
  15  0:33  Probe  
  15  0:35  Gateway  
  15  0:41  Probe  
  16  0:47  Assimilator  
  17  0:51  Probe  
  18  1:03  Probe  
  19  1:15  Probe  
  20  1:27  Nexus  
  20  1:32  Cybernetics Core  
  20  1:42  Probe  
  21  1:47  Assimilator  
  21  1:48  Pylon  
  21  1:50  Probe  
  22  1:59  Probe  
  22  2:00  Adept  
  23  2:11  Warp Gate  
  23  2:14  Probe  
  26  2:29  Shield Battery  
  26  2:30  Stalker  
  27  2:40  Probe  
  27  2:42  Probe  
  28  2:48  Probe  
  28  2:54  Probe  
  30  3:00  Stalker  
  30  3:02  Robotics Facility  
  30  3:03  Probe  
  33  3:06  Probe  
  34  3:15  Gateway  
  34  3:16  Gateway  
  34  3:19  Probe  
  35  3:21  Probe  
  36  3:33  Probe x2  
  38  3:42  Gateway  
  38  3:45  Probe x2  
  40  3:57  Robotics Bay, Probe  
  40  3:58  Probe  
  40  4:00  Observer  
  43  4:06  Pylon  
  43  4:07  Sentry  
  43  4:09  Probe  
  46  4:16  Pylon  
  46  4:20  Pylon, Assimilator  
  46  4:23  Assimilator  
  46  4:24  Probe x2  
  46  4:29  Warp Prism  
  50  4:32  Probe x2  
  50  4:37  Stalker  
  54  4:45  Stalker x2  
  58  4:48  Probe x2  
  60  4:54  Colossus  
  60  5:00  Probe x2  
  68  5:12  Extended Thermal Lance  
  68  5:14  Pylon  
  68  5:16  Probe x2  
  68  5:18  Pylon  
  70  5:33  Nexus  
  70  5:42  Probe x2  
  72  5:50  Forge  
  72  5:52  Forge  
  72  5:56  Colossus  
  71  5:58  Gateway  
  71  6:06  Twilight Council  
  71  6:10  Probe x2  
  79  6:16  Sentry x3  
  79  6:17  Protoss Ground Weapons Level 1  
  85  6:24  Protoss Ground Armor Level 1  
  85  6:36  Pylon  
  75  7:02  Stalker x2  
  75  7:03  Stalker x2  
  75  7:04  Stalker  
  81  7:12  Probe  
  81  7:16  Probe x2  
  81  7:18  Shield Battery  
  81  7:19  Shield Battery  
  81  7:20  Probe  
  84  7:28  Probe x2  
  87  7:31  Adept  
  87  7:32  Adept x4  
  97  7:40  Probe  
  97  7:43  Probe x2  
  95  7:52  Probe  
  95  7:55  Probe x2  
  82  8:04  Probe  
  70  8:12  Stalker  
  65  8:13  Stalker x2  
  65  8:14  Stalker x2  
  69  8:39  Stalker  
  69  8:40  Stalker x3  
  77  8:48  Assimilator  
  63  8:53  Assimilator  
  53  8:56  Photon Cannon  
Show
View Real Time Build Order
Export as new Build Order

VonHugenrod Terran - Winner!

Build Orders: Reaper Expand 

Get SALT Encoding   

  12  0:00  SCV  
  13  0:13  SCV  
  14  0:19  Supply Depot  
  14  0:25  SCV  
  15  0:41  SCV  
  15  0:42  Barracks  
  16  0:46  Refinery  
  16  0:53  SCV  
  17  1:05  SCV  
  19  1:31  Reaper  
  19  1:32  Orbital Command  
  19  1:57  Barracks  
  19  1:58  Command Center  
  19  2:09  SCV  
  19  2:12  Barracks Reactor  
  20  2:15  Supply Depot  
  20  2:21  SCV  
  21  2:27  Bunker  
  21  2:29  Supply Depot  
  21  2:46  Barracks Tech Lab  
  21  2:48  SCV  
  22  2:53  Marine x2  
  24  3:06  Marauder  
  24  3:11  Marine x2  
  28  3:16  Orbital Command  
  28  3:34  Marine x2, SCV, Marauder  
  30  3:40  Factory, Stimpack  
  32  3:44  SCV, Refinery  
  33  3:51  Marine  
  33  3:52  Marine, SCV  
  38  3:55  Marauder  
  38  3:59  SCV  
  39  4:04  Barracks  
  39  4:05  SCV  
  40  4:11  Marine, SCV  
  40  4:15  Marine  
  44  4:17  SCV  
  44  4:19  Refinery  
  44  4:20  Marine  
  44  4:23  SCV  
  46  4:26  Starport  
  46  4:27  Factory Reactor  
  46  4:29  Marine, SCV  
  48  4:35  SCV  
  48  4:36  Supply Depot  
  49  4:38  Marine  
  49  4:39  Marine  
  49  4:41  SCV  
  52  4:47  SCV  
  52  4:48  Engineering Bay  
  52  4:49  Marine  
  54  4:56  Barracks Tech Lab  
  54  4:58  SCV  
  54  4:59  SCV  
  56  5:10  SCV  
  56  5:11  Medivac x2, Supply Depot  
  56  5:12  Marine  
  62  5:23  Supply Depot  
  62  5:25  Concussive Shells  
  62  5:29  Supply Depot  
  62  5:32  Marine x2  
  62  5:33  Marauder x2, SCV x2  
  62  5:35  Supply Depot  
  70  5:45  Viking  
  70  5:48  Viking  
  74  6:04  Marine  
  74  6:05  Marine, Marauder x2  
  74  6:06  SCV x2  
  82  6:19  Viking  
  82  6:22  Marine x2  
  86  6:26  Marauder x2  
  86  6:31  Viking  
  92  6:42  Marine x2  
  93  7:05  Marauder  
  94  7:13  Marine  
  94  7:14  Supply Depot  
  94  7:16  SCV  
  94  7:28  Viking x2, Marine, Barracks, Marauder  
  94  7:29  Barracks  
  94  7:31  Command Center  
  94  7:35  Marine, Marauder, SCV x2  
  99  7:45  Marine  
  99  7:49  Marauder  
  100  7:57  Marauder  
  100  7:58  Marine  
  95  8:03  Marine  
  95  8:21  Viking x2, Marine, Marauder x2  
  95  8:23  Barracks Tech Lab  
Tags
 
Add a new tag
Caveats
  • Supply blocks, unpowered buildings, or Contaminate may cause inaccurate times.
  • Supply counts are checked every 10 seconds.